 Dungeon Crawl Stone Soup version 0.29.1-12-g30fa7ad0bf (webtiles) character file.

Game seed: 5897255495598949808

245 DemonSlayer the Digger (level 5, -2/35 HPs)
             Began as a Demonspawn Earth Elementalist on Jan 9, 2023.
             Engulfed by a cloud of steam (13 damage)
             ... on level 4 of the Dungeon.
             The game lasted 00:10:41 (4329 turns).

DemonSlayer the Digger (DsEE)                       Turns: 4329, Time: 00:10:42

Health: -2/35      AC:  4    Str:  8    XL:     5   Next: 83%
Magic:  0/10       EV: 13    Int: 18    God:
Gold:   92         SH:  0    Dex: 28    Spells: 5/11 levels left

rFire   . . .      SeeInvis .   w - +10 hand axe of Axales {vorpal, Dex+2}
rCold   . . .      Faith    .   (no shield)
rNeg    . . .      Spirit   +   a - +0 robe
rPois   .          Reflect  .   (helmet restricted)
rElec   .          Harm     .   (no cloak)
rCorr   .          Rampage  .   (no gloves)
Will    .....                   (no boots)
Stlth   +++.......              v - amulet of guardian spirit
HPRegen 0.11/turn               h - +6 ring of dexterity
MPRegen 0.12/turn               o - +6 ring of dexterity

@: no status effects
A: antennae 2, thin metallic scales 1
a: no special abilities


You were on level 4 of the Dungeon.
You visited 1 branch of the dungeon, and saw 4 of its levels.

You collected 170 gold pieces.
You spent 78 gold pieces at shops.

Inventory:

Hand Weapons
 q - a +1 dagger of pain
 w - the +10 hand axe of Axales (weapon) {vorpal, Dex+2}
   (You found it on level 4 of the Dungeon)

   It inflicts extra damage upon your enemies.
   Dex:       It affects your dexterity (+2).
Armour
 a - a +0 robe (worn)
Jewellery
 h - a +6 ring of dexterity (left hand)
 o - a +6 ring of dexterity (right hand)
 t - a +4 ring of protection
 v - an amulet of guardian spirit (around neck)
Scrolls
 c - a scroll of fear {unknown}
 d - 3 scrolls of magic mapping {unknown}
 e - 3 scrolls of teleportation
 f - a scroll of enchant weapon {unknown}
 i - 2 scrolls of poison {unknown}
 k - 2 scrolls of enchant armour
 l - a scroll of amnesia {unknown}
 s - 2 scrolls of summoning {unknown}
 u - a scroll of butterflies {unknown}
Potions
 b - a potion of ambrosia
 g - a potion of berserk rage {unknown}
 j - 2 potions of curing
 m - a potion of resistance
 n - a potion of mutation {unknown}
 p - a potion of brilliance {unknown}


   Skills:
 + Level 0.2 Fighting
 + Level 0.1 Short Blades
 + Level 2.1 Dodging
 + Level 2.4 Stealth
 + Level 3.6 Spellcasting
 + Level 0.8 Transmutations
 + Level 4.6 Earth Magic


You had 5 spell levels left.
You knew the following spells:

 Your Spells              Type           Power      Damage    Failure   Level
a - Sandblast             Erth           40%        2d10      2%          1
b - Blink                 Tloc           6%         N/A       24%         2
c - Stone Arrow           Conj/Erth      22%        3d8       19%         3

Your spell library contained the following spells:

 Spells                   Type           Power      Damage    Failure   Level
 Passwall                 Tmut/Erth      10%        N/A       8%          2
 Petrify                  Tmut/Erth      13%        N/A       45%         4
 Manifold Assault         Tloc           3%         N/A       99%         5
 Storm Form               Tmut/Air       2%         N/A       100%        7


Dungeon Overview and Level Annotations

Branches:
Dungeon (4/15)
 Temple: D:4-7

Altars:
Yredelemnul
Lugonu

Shops:
D:3 =(:((

Portals:
Abyss: D:4

Annotations:
D:3 1 runed translucent door, Terence


Innate Abilities, Weirdness & Mutations

You have a pair of antennae on your head.
You are partially covered in thin metallic scales. (AC +2)


Message History

You kill the iguana!
You can't see any susceptible monsters within range! (Use Z to cast anyway.) HP restored.
Magic restored.
You sense a monster nearby.
A steam dragon is nearby!
A steam dragon is nearby!
A steam dragon is nearby!
You throw a throwing net. The throwing net hits the steam dragon.
The steam dragon is caught in the net!
The steam dragon hisses angrily.
The steam dragon struggles against the net.
The blast of sand hits the steam dragon!
The steam dragon is moderately wounded.
The steam dragon struggles against the net.
The blast of sand hits the steam dragon.
The steam dragon is heavily wounded.
The steam dragon struggles against the net. x2
The blast of sand hits the steam dragon.
The steam dragon is heavily wounded.
The steam dragon struggles against the net.
The blast of sand hits the steam dragon but does no damage.
The steam dragon is heavily wounded.
The steam dragon struggles against the net.
The net rips apart, and the steam dragon comes free!
The blast of sand hits the steam dragon but does no damage.
The steam dragon is heavily wounded.
The steam dragon breathes steam at you. The ball of steam hits you!
The blast of sand hits the steam dragon.
The steam dragon is heavily wounded.
You are engulfed in a cloud of scalding steam.
The steam dragon barely misses you. The steam dragon claws you.
The steam dragon bites you. The steam dragon barely misses you.
Unknown command.
You slash the steam dragon!
You kill the steam dragon!
The steam dragon scales are intact enough to wear.
You are engulfed in a cloud of scalding steam.
You die...

##... ##.#. #
###.#.#######
......[@§.§.#
#####.#####.##
########.#
##...#
#..§.§.D.#
#....#
#.########
#....# #.#
#.#.## #.#
#...# #.#
#.### #.# #.#


There were no monsters in sight!

Vanquished Creatures
  A steam dragon (D:4)
  An ogre (D:3)
  A hound (D:4)
  2 iguanas (D:4)
  2 adders (D:4)
  A worm (D:2)
  2 dart slugs (D:1)
  An orc (D:3)
  9 endoplasms
  2 giant cockroaches
  A goblin (D:1)
  7 hobgoblins
  4 jackals (D:3)
  2 quokkas (D:1)
  4 ball pythons
  3 bats
  3 frilled lizards
  3 kobolds
  6 rats
  2 lurking horrors (D:4)
57 creatures vanquished.

Notes
Turn   | Place    | Note
-------+----------+-------------------------------------------
     0 | D:1      | DemonSlayer the Demonspawn Earth Elementalist began the
                  | quest for the Orb.
     0 | D:1      | Reached XP level 1. HP: 13/13 MP: 3/3
   391 | D:1      | Gained mutation: You have a pair of small antennae on your
                  | head. [demonic ancestry]
   391 | D:1      | Reached XP level 2. HP: 5/19 MP: 3/5
   392 | D:1      | Reached skill level 3 in Earth Magic
  1161 | D:1      | Learned a level 2 spell: Blink
  1296 | D:2      | Gained mutation: You have a pair of antennae on your head.
                  | [demonic ancestry]
  1296 | D:2      | Reached XP level 3. HP: 24/24 MP: 2/6
  2039 | D:2      | Learned a level 3 spell: Stone Arrow
  2065 | D:3      | Noticed an ogre
  2096 | D:3      | Found Xeamm's Book Emporium.
  2105 | D:3      | Killed an ogre
  2106 | D:3      | Reached skill level 4 in Earth Magic
  2106 | D:3      | Reached XP level 4. HP: 30/30 MP: 3/8
  2262 | D:3      | Found a faded altar of an unknown god.
  2287 | D:3      | Noticed a human
  2288 | D:3      | Found a runed translucent door.
  2294 | D:3      | Found a basalt altar of Yredelemnul.
  2497 | D:3      | Found Ropuijo's Jewellery Shop.
  2531 | D:3      | Found Qosooress's Weapon Shop.
  2539 | D:3      | Bought 2 throwing nets for 78 gold pieces
  2599 | D:3      | Found Asses's Antique Weapon Shop.
  2647 | D:3      | Found Rueraoth's Weapon Shop.
  2761 | D:3      | Noticed Terence
  2776 | D:3      | Gained mutation: You are partially covered in thin metallic
                  | scales. (AC +2) [demonic ancestry]
  2776 | D:3      | Reached XP level 5. HP: 34/35 MP: 3/9
  3456 | D:4      | Found a corrupted altar of Lugonu.
  3457 | D:4      | Found a one-way gate to the infinite horrors of the Abyss.
  3912 | D:4      | Identified the +10 hand axe of Axales {vorpal, Dex+2}
  3916 | D:4      | Noticed a steam dragon
  4329 | D:4      | Killed a steam dragon
  4329 | D:4      | Engulfed by a cloud of steam

Illustrated notes

Levels and vault maps discovered:
D:1:      scummos_arrival_forest, layout_basic
D:2:      layout_loops_cross, minmay_surrounded
D:3:      layout_loops_cross, dk_yredelemnul_ordeal, serial_shops, shop,
          nicolae_shop_stone, nicolae_shop_bloodbath_and_beyond, shop, shop,
          hellmonk_ecumenical_altar_prayer_group, grunt_ministairs_3,
          uniq_terence
D:4:      layout_loops_ring, amcnicky_altar_lugonu_corruption

Skill      XL: |  1  2  3 |
---------------+----------+-----
Dodging        | 2 |  2.1
Earth Magic    | 3 4 |  4.6
Stealth        | 2 |  2.4
Spellcasting   | 3 |  3.6
Fighting       | |  0.2
Short Blades   | |  0.1
Transmutations | |  0.8

Action                   |  1- 3 |  4- 6 || total
-------------------------+-------+-------++-------
Melee: Dagger            |     4 |     8 ||    12
       Unarmed           |       |     6 ||     6
       Hand axe          |       |     1 ||     1
Throw: Throwing net      |       |     2 ||     2
 Cast: Sandblast         |    41 |    45 ||    86
       Stone Arrow       |       |     1 ||     1
  Use: Potion            |     1 |       ||     1
       Scroll            |     4 |     2 ||     6
 Stab: Sleeping          |     4 |     4 ||     8
Armor: Robe              |     1 |     5 ||     6
Dodge: Dodged            |     8 |    25 ||    33
